 Dungeon Crawl Stone Soup version 0.29-a0-492-g10b964d8d7 (webtiles) character file.

Game seed: 13309926869332090590

200 Morbidden the Digger (level 5, -2/46 (48) HPs)
             Began as a Troll Earth Elementalist on May 27, 2022.
             Slain by Pikel
             ... wielding a +1 whip of freezing
              (9 damage)
             ... on level 4 of the Dungeon.
             The game lasted 00:04:17 (2808 turns).

Morbidden the Digger (Troll Earth Elementalist)     Turns: 2808, Time: 00:04:17

HP:   -2/46 (48)    AC:  4    Str: 15 (16) XL:     5   Next: 48%
MP:   6/7           EV: 10    Int: 18 (19) God:
Gold: 201           SH:  0    Dex:  9 (10) Spells: 4/8 levels left

rFire   + . .      SeeInvis .     - Unarmed
rCold   . . .      Faith    .   (no shield)
rNeg    . . .      Spirit   .   b - +0 robe
rPois   .          Reflect  .   (helmet restricted)
rElec   .          Harm     .   (no cloak)
rCorr   .          Rampage  .   (gloves unavailable)
Will    +....                   (boots unavailable)
Stlth   +.........              (no amulet)
HPRegen 0.95/turn               s - +6 ring of intelligence
MPRegen 0.10/turn               (no ring)

@: mighty, lightly drained
A: large, unfitting armour, claws 3, regeneration 1, shaggy fur 1, tough skin 1,
fire resistance 1, strong-willed 1
a: no special abilities


You were on level 4 of the Dungeon.
You visited 1 branch of the dungeon, and saw 4 of its levels.

You collected 201 gold pieces.

Inventory:

Missiles
 a - 123 stones
 e - 3 curare-tipped darts (quivered)
 u - 3 poisoned darts
 y - a boomerang
Armour
 b - a +0 robe (worn)
Jewellery
 s - a +6 ring of intelligence (left claw)
 v - a ring of fire
Wands
 q - a wand of flame (18)
Scrolls
 d - 5 scrolls of identify {unknown}
 f - 3 scrolls of poison {unknown}
 g - a scroll of immolation {unknown}
 j - a scroll of enchant weapon {unknown}
 l - a scroll of magic mapping {unknown}
 m - a scroll of summoning {unknown}
 n - a scroll of noise {unknown}
 t - a scroll of enchant armour {unknown}
 x - a scroll of amnesia {unknown}
Potions
 c - 2 potions of magic
 i - a potion of invisibility {unknown}
 o - a potion of degeneration
 p - a potion of mutation
 r - a potion of berserk rage {unknown}
 w - a potion of resistance {unknown}


   Skills:
 * Level 1.0 Fighting
 * Level 2.1 Dodging
 + Level 1.1 Stealth
 * Level 2.0 Unarmed Combat
 * Level 2.1 Spellcasting
 * Level 0.3 Conjurations
 * Level 1.2 Transmutations
 * Level 3.3 Earth Magic


You had 4 spell levels left.
You knew the following spells:

 Your Spells              Type           Power      Damage    Failure   Level
a - Sandblast             Erth           28%        2d8       4%          1
b - Stone Arrow           Conj/Erth      16%        3d8       26%         3

Your spell library contained the following spells:

 Spells                   Type           Power      Damage    Failure   Level
 Passwall                 Tmut/Erth      8%         N/A       11%         2
 Necrotize                Necr           4%         1d4       19%         1
 Ensorcelled Hibernation  Hex/Ice        2%         N/A       26%         2
 Scorch                   Fire           2%         2d5       26%         2
 Swiftness                Air            1%         N/A       47%         3
 Vampiric Draining        Necr           1%         2d6       47%         3
 Petrify                  Tmut/Erth      10%        N/A       56%         4
 Flame Wave               Conj/Fire      2%         2d4       86%         4
 Agony                    Necr           1%         N/A       99%         5
 Summon Cactus Giant      Summ           0%         N/A       100%        6


Dungeon Overview and Level Annotations

Branches:
Dungeon (4/15)
 Temple: D:4-7

Altars:

Annotations:
D:4 Pikel


Innate Abilities, Weirdness & Mutations

You are too large for most types of armour.
You have claws for hands.
Your natural rate of healing is unusually fast.
You are covered in fur. (AC +1)
You have tough skin. (AC +1)
Your flesh is heat resistant. (rF+)
You are strong-willed. (Will+)


Message History

Unknown command.
Unknown command.
It was a potion of degeneration.
There was something very wrong with that liquid.
You feel weakened.
You feel dopey.
You feel clumsy. Pikel closely misses you.
Unknown command.
Unknown command.
Unknown command.
It was a potion of might.
You feel very mighty all of a sudden.
Pikel hits you with a +1 whip of freezing.
* * * LOW HITPOINT WARNING * * *
Pikel freezes you.
* * * LOW HITPOINT WARNING * * *
Unknown command.
Unknown command.
Unknown command.
Unknown command.
Unknown command.
Casting: Sandblast (safe; 4% risk of failure)
Confirm with . or Enter, or press ? or * to list all spells.
Aiming: Sandblast (safe; 4% risk of failure)
Press: ? - help, Shift-Dir - straight line, f/p - Pikel
Aim: Pikel, wielding a +1 whip of freezing and wearing a +0 robe (74% to hit)
Okay, then.
Unknown command.
You claw Pikel!
Pikel is moderately wounded.
Pikel misses you.
Unknown command.
Unknown command.
Unknown command.
Unknown command.
Unknown command.
Unknown command.
You closely miss Pikel.
Pikel is moderately wounded.
Pikel hits you with a +1 whip of freezing!
You die...

#.. #.≈≈≈≈≈≈≈≈≈≈..# #.#
#.≈≈≈≈≈≈≈≈≈≈P.# #.#
#...≈≈≈≈≈≈≈...# ...
##P...≈≈≈≈≈....# #.#
##..P...≈≈≈♣[...# #.#
#......≈≈♣.PP...# #†#
#.#...≈≈♣.......# #.#
#.#..)....PP....## #.####
#@##......#####... #....#
#K##.#...## ###.## ##...#
#5##.#).## #..... #...# #.......#
###.###. #..5# ####.#........# #.
#...# #.########.###. #...#
####.########.....
#####...########.......#.....####
..[............#....#..#.....#


You could see Pikel and a lemure.

Vanquished Creatures
  A necrophage (D:4)
  Jessica (D:2)
  Terence (D:3)
  An orc wizard (D:3)
  2 adders (D:2)
  5 orcs
  3 bats
  An endoplasm (D:2)
  A giant cockroach (D:4)
  2 goblins
  2 hobgoblins (D:3)
  2 jackals (D:4)
  6 kobolds
  3 ball pythons
  5 frilled lizards
  4 rats
40 creatures vanquished.

Vanquished Creatures (others)
  8 plants (D:3)
8 creatures vanquished.

Grand Total: 48 creatures vanquished

Notes
Turn   | Place    | Note
-------+----------+-------------------------------------------
     0 | D:1      | Morbidden the Troll Earth Elementalist began the quest for
                  | the Orb.
     0 | D:1      | Reached XP level 1. HP: 16/16 MP: 1/1
  1014 | D:2      | Reached XP level 2. HP: 24/24 MP: 3/3
  1241 | D:2      | Reached skill level 1 in Transmutations
  1250 | D:2      | Reached skill level 1 in Unarmed Combat
  1250 | D:2      | Reached XP level 3. HP: 26/31 MP: 4/4
  1393 | D:2      | Noticed Jessica
  1407 | D:2      | Killed Jessica
  1408 | D:2      | Reached skill level 3 in Earth Magic
  1531 | D:2      | Learned a level 3 spell: Stone Arrow
  1543 | D:3      | Noticed Terence
  1903 | D:3      | Reached XP level 4. HP: 40/40 MP: 3/5
  2319 | D:3      | Killed Terence
  2713 | D:4      | Noticed a necrophage
  2725 | D:4      | Killed a necrophage
  2726 | D:4      | Reached skill level 1 in Fighting
  2726 | D:4      | Reached XP level 5. HP: 28/46 MP: 7/7
  2761 | D:4      | Noticed a lemure
  2763 | D:4      | Noticed Pikel
  2803 | D:4      | Gained mutation: You are strong-willed. (Will+) [potion of
                  | mutation]
  2803 | D:4      | Gained mutation: Your flesh is heat resistant. (rF+)
                  | [potion of mutation]
  2808 | D:4      | Slain by Pikel

Illustrated notes

Levels and vault maps discovered:
D:1:      dpeg_arrival_more_subterranean_lakeside_camping, layout_basic
D:2:      layout_loops_ring, uniq_jessica
D:3:      layout_basic, chequers_big_river, uniq_terence
D:4:      layout_loops_cross, guppyfry_early_lair_pool, uniq_pikel

Skill      XL: |  1  2  3  4  5 |
---------------+----------------+-----
Transmutations | 1 |  1.2
Unarmed Combat | 1 2 |  2.0
Earth Magic    | 3 |  3.3
Dodging        | 2 |  2.1
Spellcasting   | 2 |  2.1
Fighting       | 1 |  1.0
Stealth        | |  1.1
Conjurations   | |  0.3

Action                   |  1- 3 |  4- 6 || total
-------------------------+-------+-------++-------
Melee: Unarmed           |    68 |    29 ||    97
       Punch             |     2 |       ||     2
Throw: Dart              |       |     1 ||     1
 Cast: Sandblast         |    13 |    18 ||    31
  Use: Potion            |       |     5 ||     5
 Stab: Sleeping          |     1 |       ||     1
Armor: Robe              |    27 |     4 ||    31
Dodge: Dodged            |    49 |    10 ||    59

Table legend: (Time is in decaauts)
 A = Elapsed time spent in this place.
 B = Non-inter-level travel time spent in this place.
 C = Inter-level travel time spent in this place.
 D = Time resting spent in this place.
 E = Time spent auto-exploring this place.
 F = Levels seen in this place.
 G = Mean time per level.
                   A        B        C        D        E       F      G
               +--------+--------+--------+--------+--------+-----+--------+
         Total |   2819 |   2685 |    134 |    151 |   2145 |   4 |  704.8 |
       Dungeon |   2819 |   2685 |    134 |    151 |   2145 |   4 |  704.8 |
               +--------+--------+--------+--------+--------+-----+--------+

Top non-repeatable levels by time:
     D:1: 1001 daAuts
     D:3: 892 daAuts
     D:2: 725 daAuts
     D:4: 199 daAuts
